 Dungeon Crawl Stone Soup version 0.30.1-9-gdf580d7c3d (webtiles) character file.

Game seed: 17696311518386995966

92 jagang the Slasher (level 4, -6/37 HPs)
             Began as a Barachi Monk on Oct 25, 2023.
             Killed by nerve-wracking pain
             ... invoked by an orc priest
              (11 damage)
             ... on level 3 of the Dungeon.
             The game lasted 00:03:13 (1671 turns).

jagang the Slasher (Barachi Monk)                   Turns: 1671, Time: 00:03:14

Health: -6/37      AC:  5    Str: 13    XL:     4   Next: 60%
Magic:  4/4        EV: 12    Int: 10    God:
Gold:   133        SH:  0    Dex: 16    Spells: 3/3 levels left

rFire   . . .        a - +0 falchion
rCold   . . .        d - orb {light}
rNeg    . . .        j - +0 ring mail
rPois   .            (no helmet)
rElec   .            (no cloak)
rCorr   .            (no gloves)
SInv    .            (no boots)
Will    .....        (no amulet)
Stlth   +            (no ring)
HPRegen 0.26/turn    (no ring)
MPRegen 0.09/turn

%: no passive effects
@: glowing, slow
A: amphibious, slowness 1, strong legs 1, +LOS
a: Hop


You were on level 3 of the Dungeon.
You visited 1 branch of the dungeon, and saw 3 of its levels.

You collected 133 gold pieces.

Inventory:

Hand Weapons
 a - a +0 falchion (weapon)
Armour
 b - a +0 robe
 d - an orb of light (worn)
 j - a +0 ring mail (worn)
Wands
 r - a wand of digging (7)
Scrolls
 e - 2 scrolls of fear {unknown}
 f - 2 scrolls of poison {unknown}
 g - 2 scrolls of summoning {unknown}
 i - a scroll of identify {unknown}
 l - 2 scrolls of silence {unknown}
 o - 2 scrolls of noise {unknown}
 s - 2 scrolls of enchant armour {unknown}
 t - a scroll of enchant weapon {unknown}
Potions
 c - a potion of ambrosia
 h - 3 potions of degeneration {unknown}
 k - a potion of flight {unknown}
 m - a potion of heal wounds {unknown}
 n - a potion of resistance {unknown}
 p - a potion of lignification {unknown}
 q - 2 potions of magic {unknown}


   Skills:
 + Level 4.2 Fighting
 * Level 4.9 Long Blades
 + Level 2.0 Armour
 + Level 3.9 Dodging


You had 3 spell levels left.
You didn't know any spells.
Your spell library contained the following spells:

 Spells                   Type           Power      Damage    Failure   Level
 Apportation              Tloc           0%         N/A       63%         1
 Necrotise                Necr           0%         1d4       63%         1
 Summon Small Mammal      Summ           0%         N/A       63%         1


Dungeon Overview and Level Annotations

Branches:
Dungeon (3/15)

Altars:

Shops:
D:1 =


Innate Abilities, Weirdness & Mutations

You are amphibious.
You cover ground slowly.
You can hop short distances.
You have an extended range of vision and can be seen from far away.


Message History

The adder is severely wounded.
The adder bites you but does no damage.
You hit the adder.
You kill the adder!
Your Armour skill increases to level 2!
No target in view!
HP restored.
t - a scroll labelled UTITAGRENAI
Found a club.
No target in view!
No target in view!
An orc and an orc priest come into view.
The orc priest shouts!
You hear a shout!
An orc comes into view. It is wielding a +0 whip.
The orc priest moves out of view.
A dart slug comes into view.
Found a ruby potion.
An orc comes into view. It is wielding a +0 club.
An endoplasm comes into view.
The endoplasm quivers.
The orc shouts!
The orc priest hits you with a +0 hand axe.
You hit the orc priest but do no damage.
The orc priest barely misses you. The orc hits you with a +0 morningstar!
You barely miss the orc priest.
The orc priest hits you with a +0 hand axe.
The orc hits you with a +0 morningstar.
You hit the orc priest.
The orc priest is lightly wounded.
The orc priest calls down the wrath of Beogh upon you.
Pain shoots through your body!
* * * LOW HITPOINT WARNING * * *
The orc barely misses you. The dart slug launches a dart at you.
The slug dart misses you.
You hit the orc priest.
The orc priest is moderately wounded.
The orc priest invokes the aid of Beogh against you.
Pain shoots through your body!
You die...

#......<........รท....
#....................
#..................>.
#....................
#....................
#....................
#####....)J..............
.......w.................
......oo@................
.......o#...#############
.......o#...# #..
........#...# #..
........##### #..
.......! ### ........
........ ########


You could see an orc priest, a dart slug, 3 orcs and an endoplasm.

Vanquished Creatures
  An adder (D:3)
  3 worms (D:2)
  6 dart slugs
  2 endoplasms (D:1)
  3 giant cockroaches
  7 goblins
  10 hobgoblins
  3 kobolds
  2 quokkas
  7 ball pythons
  10 bats
  2 frilled lizards
  2 rats (D:1)
58 creatures vanquished.

Notes
Turn   | Place    | Note
-------+----------+-------------------------------------------
     0 | D:1      | jagang the Barachi Monk began the quest for the Orb.
     0 | D:1      | Reached XP level 1. HP: 18/18 MP: 1/1
   154 | D:1      | Reached XP level 2. HP: 23/25 MP: 2/2
   309 | D:1      | Reached skill level 1 in Armour
   586 | D:1      | Found Lanaarph's Jewellery Shoppe.
   760 | D:1      | Reached XP level 3. HP: 30/30 MP: 3/3
  1141 | D:2      | Reached XP level 4. HP: 37/37 MP: 4/4
  1671 | D:3      | Killed from afar by an orc priest

Illustrated notes

Levels and vault maps discovered:
D:1:      evilmike_arrival_crescent, layout_loops_ring, serial_forest,
          infiniplex_forest_lined_4_way, infiniplex_forest_lined_2,
          infiniplex_forest_clump_small, infiniplex_forest_straight_5,
          infiniplex_forest_lined_3_way, infiniplex_forest_straight_3,
          infiniplex_forest_clump_double, serial_shops, shop
D:2:      layout_basic
D:3:      layout_basic

Skill      XL: |  1  2  3  4 |
---------------+-------------+-----
Long Blades    | 4 |  4.9
Armour         | 1 2 |  2.0
Fighting       | 4 |  4.2
Dodging        | |  3.9

Action                     |  1- 3 |  4- 6 || total
---------------------------+-------+-------++-------
  Melee: Falchion          |   101 |    44 ||   145
 Armour: Robe              |    13 |       ||    13
         Ring mail         |    11 |    15 ||    26
  Dodge: Dodged            |    67 |    40 ||   107
